 Dungeon Crawl Stone Soup version 0.18-a0-888-g17a9b31 (webtiles) character file.

18 Jmtri7 the Charlatan (level 2, 17/18 HPs)
             Began as a Lacertilian Artificer on Jan 1, 2016.
             Was an Initiate of Qazlal.
             Quit the game on level 2 of the Dungeon.
             The game lasted 00:01:54 (215 turns).

Jmtri7 the Charlatan (Lacertilian Artificer)         Turns: 215, Time: 00:01:55

Health: 17/18      AC:  8    Str: 10    XL:     2   Next: 66%
Magic:  3/3        EV: 10    Int: 12    God:    Qazlal [......]
Gold:   25         SH:  0    Dex: 15    Spells: 0 memorised, 1 level left

rFire  . . .     SeeInvis .     h - +1 dagger (venom)
rCold  . . .     Gourm    .     a - +0 ring mail
rNeg   . . .     Faith    +     (no shield)
rPois  .         Spirit   .     (no helmet)
rElec  .         Dismiss  .     (no cloak)
rCorr  .         Reflect  .     (no gloves)
SustAt .         Harm     .     (no boots)
MR     .....                    (no amulet)
Stlth  ++........               (no ring)
                                (no ring)

@: not resistant to hostile enchantments, unstealthy
A: faith, no wrath for changing religions, slimy green scales 2, camouflage 1,
cold-blooded
a: Renounce Religion


You were on level 2 of the Dungeon.
You worshipped Qazlal.
Qazlal was noncommittal.
You were not hungry.

You visited 1 branch of the dungeon, and saw 2 of its levels.

You collected 25 gold pieces.

Inventory:

Hand Weapons
 h - a +1 dagger of venom (weapon)
Armour
 a - a +0 ring mail (worn)
Wands
 c - a wand of flame (0/48)
 d - a wand of enslavement (15/24)
 e - a wand of random effects (15/48)
Scrolls
 i - a scroll of remove curse {unknown}
Potions
 g - a potion of flight {unknown}
Comestibles
 f - a bread ration


   Skills:
 - Level 0.7 Fighting
 - Level 0.7 Short Blades
 - Level 2.0 Dodging
 - Level 1.2 Stealth
 + Level 3.9 Evocations


You had one spell level left.
You didn't know any spells.

Dungeon Overview and Level Annotations

Branches:
Dungeon (2/15)

Altars:
Qazlal


Innate Abilities, Weirdness & Mutations

You have a strong connection with the divine.
You may change religions without incurring divine wrath.
You are mostly covered in slimy green scales (AC +3).
Your skin changes colour to match your surroundings (Stealth).
You are cold-blooded and may be slowed by cold attacks.


Message History

The giant cockroach bites you but does no damage.
You hit the hobgoblin but do no damage.
The hobgoblin is poisoned.
The hobgoblin hits you.
The giant cockroach bites you but does no damage.
You hit the giant cockroach but do no damage.
The giant cockroach is poisoned.
You kill the giant cockroach!
The hobgoblin barely misses you.
You hit the hobgoblin.
You kill the hobgoblin!
You see here a hobgoblin corpse.
You now have 25 gold pieces (gained 12).
Found a stormy altar of Qazlal.
You see here 31 stones.
There is a stormy altar of Qazlal here.
You kneel at the altar of Qazlal.
Qazlal welcomes you!
Qazlal grants you immunity to your own clouds.
Unknown command.
Are you sure you want to abandon this character and quit the game? (Confirm with "yes".)

###### #....# #....#
##### #....######...###
#.......#E#...#E#
#.......###...####
######..†..(..........###
.......(†.......@_.......
#######...............###
#......###...####
....#####E#...#E# .....+
###...### #....# ##.##
#....# #..# #....# ##.#


You could see an earth elemental, a water elemental, a fire elemental and an air
elemental.

Vanquished Creatures
  An adder (D:2)
  2 giant cockroaches
  3 hobgoblins
  A bat (D:1)
  A giant newt (D:1)
  A goblin (D:1)
  A rat (D:2)
10 creatures vanquished.

Notes
Turn   | Place    | Note
--------------------------------------------------------------
     0 | D:1      | Jmtri7 the Lacertilian Artificer began the quest for the Orb.
     0 | D:1      | Reached XP level 1. HP: 12/12 MP: 2/2
   172 | D:2      | Reached XP level 2. HP: 18/18 MP: 3/3
   197 | D:2      | Noticed an earth elemental
   205 | D:2      | Found a stormy altar of Qazlal.
   207 | D:2      | Noticed an air elemental
   208 | D:2      | Noticed a fire elemental
   208 | D:2      | Noticed a water elemental
   213 | D:2      | Became a worshipper of Qazlal Stormbringer
   215 | D:2      | Quit the game

Vault maps used:
D:1:      lemuel_arrival_behind_the_door_large
D:2:      nicolae_qazlal_style_of_elements, cheibriados_altar_1, first_bread,
          minmay_misc_feat_ornament

Action                   || total
-------------------------++-------
Melee: Dagger            ||     3
Evoke: Wand              ||    15
